 Dungeon Crawl Stone Soup version 0.26-a0-639-g72c4674329 (webtiles) character file.

Game seed: 13206404801595576885

1969 Apogee the Ruffian (level 9, -10/89 HPs)
             Began as a Troll Berserker on Sept 25, 2020.
             Was an Elder of Trog.
             Mangled by a rust devil (12 damage)
             ... on level 7 of the Dungeon.
             The game lasted 00:07:53 (4222 turns).

Apogee the Ruffian (Troll Berserker)                Turns: 4222, Time: 00:07:54

Health: -10/89     AC: -33   Str: 30    XL:     9   Next: 0%
Magic:  8/8        EV: 11    Int:  3    God:    Trog [****..]
Gold:   276        SH:  0    Dex:  9    Spells: 8/8 levels left

rFire    . . .     SeeInvis .     - Unarmed
rCold    . . .     Faith    +   (no shield)
rNeg     . . .     Spirit   .   a - +0 animal skin
rPois    .         Reflect  .   (helmet restricted)
rElec    .         Harm     .   o - +0 cloak
rCorr    .         Rampage  .   (gloves unavailable)
MR       .....                  (boots unavailable)
Stlth    +.........             B - amulet of faith {!P}
HPRegen  0.64/turn              h - ring of flight
MPRegen  0.11/turn              (no ring)

@: about to teleport, corroded, berserk cooldown, slowed, very slow
A: large, unfitting armour, claws 3, regeneration 1, shaggy fur 1, tough skin 3
a: Berserk, Trog's Hand, Brothers in Arms, Renounce Religion, Evoke Flight


You were on level 7 of the Dungeon.
You worshipped Trog.
Trog was greatly pleased with you.
You visited 1 branch of the dungeon, and saw 8 of its levels.

You collected 321 gold pieces.
You spent 45 gold pieces at shops.

Inventory:

Hand Weapons
 w - the +4 war axe of Midwinter {drain, MR+}
   (You took it off a kobold on level 4 of the Dungeon)

   A truly terrible weapon, it drains the life of those it strikes.
   It affects your resistance to hostile enchantments.
Missiles
 g - 10 curare-tipped darts {!f}
 l - 284 stones (quivered)
 r - 14 javelins
 v - 26 poisoned darts
Armour
 a - a +0 animal skin (worn)
 o - a +0 cloak (worn)
   (You found it on level 2 of the Dungeon)
 z - a +0 kite shield
   (You bought it in a shop on level 4 of the Dungeon)
Jewellery
 h - a ring of flight (left claw)
   (You found it on level 2 of the Dungeon)
 B - an amulet of faith (around neck) {!P}
   (You found it on level 5 of the Dungeon)
 G - an uncursed ring of protection from magic {unknown}
   (You found it on level 6 of the Dungeon)
Wands
 d - a wand of iceblast (8)
   (You found it on level 3 of the Dungeon)
Scrolls
 i - a scroll of immolation {unknown}
 j - a scroll of magic mapping {unknown}
 k - a scroll of teleportation {@r4}
 m - a scroll of noise {unknown}
 n - 2 scrolls of fog {unknown}
 p - a scroll of enchant weapon {unknown}
 q - 5 scrolls of remove curse {unknown}
 y - 2 scrolls of amnesia {unknown}
 A - a scroll of blinking {unknown}
 D - 3 scrolls of enchant armour
 E - 3 scrolls of identify {@r1}
Potions
 b - 3 potions of lignification {!q}
 c - a potion of flight {unknown}
 e - a potion of degeneration {unknown}
 f - 5 potions of curing {@q1}
 s - a potion of haste {unknown}
 t - 3 potions of heal wounds {unknown}
 u - a potion of mutation {unknown}
 x - a potion of resistance {unknown}
 C - 3 potions of stabbing
 F - 2 potions of ambrosia {unknown}


   Skills:
 * Level 6.0 Fighting
 + Level 4.1 Throwing
 + Level 4.6 Dodging
 + Level 2.8 Shields
 + Level 6.7 Unarmed Combat


You had 8 spell levels left.
You didn't know any spells.
Your spell library was empty.

Dungeon Overview and Level Annotations

Branches:
Dungeon (8/15)             Temple (0/1) D:4
   Lair: D:8-11

Altars:
Elyvilon
Makhleb
Nemelex Xobeh
Qazlal
Ru
Yredelemnul
The Shining One

Shops:
D:4 [}([

Annotations:
D:4 1 runed translucent door, Crazy Yiuf
D:6 2 transporters


Innate Abilities, Weirdness & Mutations

You are too large for most types of armour.
You have claws for hands.
Your natural rate of healing is unusually fast.
You are covered in fur. (AC +1)
You have extremely tough skin. (AC +3)


Message History

The rust devil corrodes you! The rust devil hits you.
* * * LOW HITPOINT WARNING * * *
The rust devil corrodes you!
You scratch the rust devil but do no damage.
Unknown command.
You claw the rust devil! The rust devil hits you.
* * * LOW HITPOINT WARNING * * *
The rust devil corrodes you! The rust devil barely misses you.
You scratch the rust devil but do no damage.
Unknown command.
You scratch the rust devil but do no damage.
The rust devil closely misses you. The rust devil barely misses you.
Unknown command.
You scratch the rust devil but do no damage.
The rust devil hits you.
* * * LOW HITPOINT WARNING * * *
The rust devil corrodes you! The rust devil hits you!
* * * LOW HITPOINT WARNING * * *
The rust devil corrodes you!
You claw the rust devil!
Unknown command.
You closely miss the rust devil. The rust devil hits you.
* * * LOW HITPOINT WARNING * * *
The rust devil corrodes you! The rust devil hits you.
* * * LOW HITPOINT WARNING * * *
The rust devil corrodes you!
You scratch the rust devil but do no damage.
Unknown command.
You completely miss the rust devil. The rust devil hits you!
* * * LOW HITPOINT WARNING * * *
The rust devil corrodes you! The rust devil hits you!
* * * LOW HITPOINT WARNING * * *
The rust devil corrodes you!
You scratch the rust devil but do no damage.
The rust devil hits you.
* * * LOW HITPOINT WARNING * * *
The rust devil corrodes you! The rust devil closely misses you.
You scratch the rust devil but do no damage.
Unknown command.
The rust devil hits you.
* * * LOW HITPOINT WARNING * * *
The rust devil corrodes you!
You feel a strong urge to attack something.
Unknown command.
You are no longer berserk.
You are exhausted.
You feel yourself slow down.
As you read the scroll of teleportation {@r4}, it crumbles to dust.
You feel strangely unstable. The rust devil hits you!
You die...

## ###
#)#+#)#
#♣.....♣#
##.......##
#∩...8...>#
#....44.##
#♣...@.♣#
#)#+#)# #
###


You could see 2 rust devils.

Vanquished Creatures
  Sigmund (D:5)
  A water moccasin (D:5)
  Duvessa (D:6)
  2 phantoms (D:6)
  2 orc warriors (D:8)
  An ice beast (D:8)
  A sky beast (D:8)
  2 bullfrogs (D:6)
  A big kobold (D:4)
  Dowan (D:6)
  2 scorpions
  2 hounds (D:4)
  A jelly (D:5)
  3 orc wizards (D:4)
  2 orc priests
  2 iguanas (D:4)
  7 worker ants
  A hound skeleton (D:3)
  A howler monkey skeleton (D:3)
  3 gnolls (D:5)
  6 adders
  2 white imps
  An ufetubus (D:5)
  2 oozes (D:4)
  An adder skeleton (D:8)
  3 worms
  A dart slug (D:5)
  2 leopard geckos
  17 orcs
  2 giant cockroaches
  5 goblins
  6 hobgoblins
  4 jackals
  23 kobolds
  5 quokkas
  9 bats
  5 frilled lizards
  A jackal skeleton (D:4)
  A quokka zombie (D:5)
  5 rats
138 creatures vanquished.

Vanquished Creatures (others)
  29 plants (D:4)
29 creatures vanquished.

Grand Total: 167 creatures vanquished

Notes
Turn   | Place    | Note
-------+----------+-------------------------------------------
     0 | D:1      | Apogee the Troll Berserker began the quest for the Orb.
     0 | D:1      | Reached XP level 1. HP: 22/22 MP: 0/0
   292 | D:1      | Reached XP level 2. HP: 29/29 MP: 1/1
   426 | D:1      | Found a sparkling altar of Nemelex Xobeh.
   804 | D:2      | Reached ** piety under Trog
   885 | D:2      | Reached XP level 3. HP: 36/36 MP: 2/2
   949 | D:2      | Found a faded altar of an unknown god.
  1000 | D:2      | Found a stormy altar of Qazlal.
  1195 | D:3      | Reached skill level 1 in Throwing
  1369 | D:3      | Reached XP level 4. HP: 30/45 MP: 3/3
  1490 | D:3      | Found a burning altar of Makhleb.
  1490 | D:3      | Noticed a blizzard demon
  1493 | D:3      | Noticed a ynoxinul
  1493 | D:3      | Noticed a neqoxec
  1622 | D:4      | Reached XP level 5. HP: 29/53 MP: 4/4
  1746 | D:4      | Identified the +4 war axe of Midwinter {drain, MR+}
  1787 | D:4      | Reached XP level 6. HP: 58/62 MP: 5/5
  1931 | D:4      | Reached *** piety under Trog
  2008 | D:4      | Found a staircase to the Ecumenical Temple.
  2148 | D:4      | Found Zuen's Armour Emporium.
  2152 | D:4      | Bought a +0 kite shield for 45 gold pieces
  2153 | D:4      | Found Nofim's Antique Weapon Boutique.
  2169 | D:4      | Found Koirgh Nobb's Gadget Shop.
  2174 | D:4      | Reached skill level 5 in Unarmed Combat
  2222 | D:4      | Reached XP level 7. HP: 52/70 MP: 6/6
  2332 | D:4      | Found a runed translucent door.
  2333 | D:4      | Noticed Crazy Yiuf
  2409 | D:4      | Found Fywoesics's Antique Armour Emporium.
  2737 | D:5      | Entered Level 5 of the Dungeon
  2742 | D:5      | Noticed Sigmund
  2752 | D:5      | Killed Sigmund
  2752 | D:5      | Reached skill level 1 in Shields
  2823 | D:5      | Found a basalt altar of Yredelemnul.
  3013 | D:5      | Found a sacrificial altar of Ru.
  3254 | D:5      | Reached XP level 8. HP: 58/79 MP: 7/7
  3579 | D:6      | Reached skill level 5 in Fighting
  3674 | D:6      | Found a white marble altar of Elyvilon.
  3705 | D:6      | Reached **** piety under Trog
  3744 | D:6      | Found a transporter.
  3774 | D:6      | Found a transporter.
  3777 | D:6      | Noticed Duvessa
  3777 | D:6      | Noticed Dowan
  3784 | D:6      | Killed Duvessa
  3810 | D:6      | Killed Dowan
  3957 | D:6      | Found a glowing golden altar of the Shining One.
  4122 | D:6      | You fall into a shaft and drop 2 floors!
  4140 | D:7      | Noticed a rust devil
  4140 | D:7      | Noticed a rust devil
  4164 | D:8      | Reached XP level 9. HP: 89/89 MP: 8/8
  4217 | D:7      | HP: 1/133 [rust devil (6)]
  4222 | D:7      | Mangled by a rust devil

Illustrated notes

Levels and vault maps discovered:
D:1:      shiori_shiawase, layout_basic, hangedman_decor_push,
          nemelex_diamond_rough_becter
D:2:      layout_rooms, grunt_qazlal_sundering,
          chequers_ecumenical_altar_simple_redux
D:3:      layout_rooms, makhleb_altar_promises_db
D:4:      kennysheep_kobold_camp, layout_basic,
          minmay_temple_entry_antechambers, serial_shops, kennysheep_mini_moat,
          shop_statue, shop_statue, shop, roderic_serpentine_path,
          uniq_crazy_yiuf_cottage
D:5:      layout_basic, marbit_many_paths, basic_altar, uniq_sigmund
D:6:      gammafunk_steamed_eel, layout_gridville, tgw_sif, tso_metal_star,
          kennysheep_mini, minmay_microvault, uniq_duvessa
D:7:      cheibrodos_iron_armory, layout_rooms
D:8:      layout_basic, old_standard_altar, lemuel_statue_altar

Skill      XL: |  1  2  3  4  5  6  7  8 |
---------------+-------------------------+-----
Throwing       | 1 2 3 4 |  4.1
Fighting       | 3 4 6 |  6.0
Unarmed Combat | 4 5 6 |  6.7
Dodging        | 3 4 |  4.6
Shields        | 1 2 |  2.8

Action                   |  1- 3 |  4- 6 |  7- 9 || total
-------------------------+-------+-------+-------++-------
Melee: Unarmed           |   115 |   158 |   179 ||   452
       Punch             |     1 |     4 |     2 ||     7
Throw: Dart              |       |       |     1 ||     1
       Stone             |       |       |    11 ||    11
Invok: Berserk           |     1 |     1 |     5 ||     7
  Use: Scroll            |       |       |     7 ||     7
       Potion            |       |       |     1 ||     1
 Stab: Sleeping          |     2 |       |     1 ||     3
Armor: Animal skin       |    41 |    72 |    48 ||   161
Dodge: Dodged            |    85 |    99 |    95 ||   279

Table legend: (Time is in decaauts)
 A = Elapsed time spent in this place.
 B = Non-inter-level travel time spent in this place.
 C = Inter-level travel time spent in this place.
 D = Time resting spent in this place.
 E = Time spent auto-exploring this place.
 F = Levels seen in this place.
 G = Mean time per level.
                   A        B        C        D        E       F      G
               +--------+--------+--------+--------+--------+-----+--------+
         Total |   4227 |   4085 |    142 |    337 |   2817 |   8 |  528.4 |
       Dungeon |   4227 |   4085 |    142 |    337 |   2817 |   8 |  528.4 |
               +--------+--------+--------+--------+--------+-----+--------+

Top non-repeatable levels by time:
     D:4: 1122 daAuts
     D:5: 807 daAuts
     D:1: 691 daAuts
     D:6: 589 daAuts
     D:2: 475 daAuts
     D:3: 443 daAuts
     D:8: 79 daAuts
     D:7: 18 daAuts
